Map: Cañón atribulado

Players

MrFercho

  • Race: Zerg Zerg
  • League: Gold
  • Spawn Location: 12:00

TATORREA

  • Race: Protoss Protoss
  • League: Gold
  • Spawn Location: 12:00

tigro

  • Race: Terran Terran
  • League: Bronze
  • Spawn Location: 3:00

rOSPi - Winner!

  • Race: Zerg Zerg
  • Spawn Location: 6:00

Tripredacus - Winner!

  • Race: Protoss Protoss
  • Spawn Location: 7:00

Dainmishima - Winner!

  • Race: Zerg Zerg
  • League: Silver
  • Spawn Location: 6:00

VOD

Have the link to the VOD?

Description

Time

  • Played on: July 24, 2020, 9:26 p.m.
  • Length: 6:22
Show
View Real Time Build Order
Export as new Build Order

MrFercho Zerg 

Build Orders: Hatch First 

Get SALT Encoding   

  12  0:01  Drone  
  13  0:13  Overlord  
  13  0:20  Drone  
  14  0:32  Drone x2  
  16  0:54  Hatchery  
  15  0:57  Drone  
  15  0:58  Drone  
  17  1:16  Extractor  
  16  1:20  Drone x2  
  16  1:21  Drone  
  19  1:28  Spawning Pool  
  18  1:45  Drone  
  19  1:55  Drone x2  
  21  2:04  Overlord  
  21  2:12  Drone  
  22  2:19  Queen x2  
  22  2:22  Drone x2  
  28  2:33  Metabolic Boost  
  28  2:36  Zergling x4  
  30  2:39  Drone x2  
  32  2:55  Drone x2  
  34  3:03  Drone x2  
  36  3:11  Overlord x2  
  36  3:30  Drone  
  36  3:31  Drone x2  
  36  3:33  Overlord  
  36  3:34  Overlord  
  39  3:36  Zergling x2  
  39  3:37  Zergling x6  
  43  3:45  Zergling x2  
  44  3:52  Drone  
  44  3:53  Overlord  
  45  3:59  Zergling x4  
  47  4:06  Hatchery  
  46  4:10  Zergling x2  
  46  4:12  Zergling x2  
  46  4:27  Zergling x2  
  46  4:28  Zergling x2  
  43  4:33  Zergling x4  
  41  4:40  Zergling x12  
  47  4:55  Zergling x4  
  43  5:07  Zergling x2  
  43  5:08  Zergling x12  
  31  5:31  Zergling x12  
  31  5:35  Zergling x10  
  31  5:44  Spawning Pool  
  20  6:02  Drone x2  
  16  6:10  Drone  
Show
View Real Time Build Order
Export as new Build Order

TATORREA Protoss 

Build Orders:  

Get SALT Encoding   

  12  0:04  Probe  
  13  0:16  Probe  
  14  0:26  Pylon  
  14  0:28  Probe  
  15  0:44  Probe  
  15  0:49  Gateway  
  16  0:57  Assimilator  
  16  1:03  Probe  
  16  1:11  Probe  
  17  1:15  Pylon  
  18  1:20  Probe  
  19  1:32  Probe  
  20  1:43  Cybernetics Core  
  20  1:44  Probe  
  21  2:02  Nexus  
  20  2:16  Probe  
  20  2:17  Assimilator  
  20  2:18  Adept  
  20  2:22  Pylon  
  21  2:28  Probe  
  24  2:32  Warp Gate  
  24  2:42  Probe  
  25  2:46  Adept  
  27  2:54  Probe  
  28  3:06  Probe  
  28  3:10  Pylon  
  29  3:13  Pylon  
  29  3:16  Adept  
  29  3:18  Probe  
  32  3:22  Probe  
  33  3:32  Probe  
  34  3:37  Stalker  
  34  3:42  Gateway, Probe  
  34  3:45  Gateway  
  37  3:52  Probe  
  37  3:54  Probe  
  39  4:05  Probe  
  39  4:06  Probe  
  37  4:38  Probe x2  
  37  4:43  Stalker x2  
  37  4:44  Stalker  
  43  4:50  Probe x2  
  43  5:02  Probe  
  43  5:04  Stalker x2  
  43  5:05  Stalker  
  44  5:21  Stalker  
  44  5:22  Stalker x2  
  44  5:43  Stalker x3  
  40  6:04  Stalker x2  
  40  6:05  Stalker  
Show
View Real Time Build Order
Export as new Build Order

tigro Terran 

Build Orders:  

Get SALT Encoding   

  12  0:13  SCV  
  13  0:15  Supply Depot  
  13  0:25  SCV  
  14  0:37  SCV  
  14  0:40  Barracks  
  15  0:49  Refinery  
  15  1:19  SCV  
  16  1:30  Marine  
  16  1:31  SCV  
  18  1:43  SCV  
  19  1:48  Marine  
  19  1:49  Engineering Bay  
  20  1:55  SCV  
  21  2:05  Marine  
  22  2:11  Refinery  
  22  2:23  Marine, Factory  
  23  2:50  Supply Depot  
  23  3:02  Terran Infantry Weapons Level 1  
  23  3:06  Barracks Tech Lab  
  23  3:12  SCV  
  24  3:13  Supply Depot, Factory Tech Lab  
  24  3:24  SCV  
  25  3:28  Combat Shield  
  25  3:36  SCV  
  25  3:39  Marine  
  27  3:42  Siege Tank  
  30  3:48  SCV  
  31  3:57  Marine  
  32  4:10  Command Center  
  32  4:14  Marine, Orbital Command  
  23  4:32  Marine  
  5  4:58  Orbital Command  
    5:37  SCV  
Show
View Real Time Build Order
Export as new Build Order

rOSPi Zerg - Winner!

Build Orders: Hatch First 

Get SALT Encoding   

  12  0:01  Drone  
  13  0:13  Overlord  
  13  0:45  Hatchery  
  13  0:48  Drone x2  
  14  0:53  Drone  
  15  1:06  Drone  
  16  1:20  Spawning Pool  
  16  1:22  Extractor  
  14  1:27  Drone x2  
  14  1:31  Drone  
  17  1:43  Drone  
  18  1:55  Drone  
  19  2:02  Drone  
  20  2:21  Drone x2  
  20  2:22  Queen  
  24  2:24  Queen  
  24  2:28  Overlord  
  26  2:32  Drone x2  
  28  2:47  Roach Warren  
  27  2:52  Drone x2  
  27  2:53  Drone  
  27  2:54  Drone  
  31  3:07  Drone x2  
  33  3:16  Zergling x4  
  33  3:19  Overlord  
  35  3:33  Metabolic Boost  
  35  3:40  Zergling x6  
  35  3:41  Zergling x4  
  40  3:43  Zergling x2  
  40  3:44  Zergling x6  
  44  4:04  Overlord x2  
  43  5:06  Zergling x6  
  46  5:07  Zergling x4  
  46  5:08  Zergling x12  
Show
View Real Time Build Order
Export as new Build Order

Tripredacus Protoss - Winner!

Build Orders:  

Get SALT Encoding   

  12  0:02  Probe  
  14  0:14  Probe  
  14  0:19  Pylon  
  14  0:30  Pylon  
  14  0:36  Probe  
  15  0:48  Probe  
  16  0:51  Forge  
  16  1:31  Probe  
  17  1:43  Pylon, Probe  
  18  1:48  Pylon  
  18  2:18  Gateway  
  18  2:21  Gateway  
  18  2:24  Gateway  
  18  2:28  Gateway  
  17  2:36  Probe  
  18  2:46  Assimilator  
  18  2:49  Probe  
  19  3:01  Probe  
  22  3:05  Zealot  
  22  3:08  Zealot  
  24  3:13  Probe  
  24  3:14  Zealot  
  24  3:15  Zealot  
  29  3:32  Zealot  
  31  3:35  Zealot  
  31  3:36  Cybernetics Core  
  31  3:41  Probe  
  34  3:42  Assimilator  
  34  3:45  Zealot  
  34  3:46  Zealot  
  38  3:53  Probe  
  39  4:17  Zealot  
  39  5:03  Stargate  
  39  5:11  Nexus  
  39  5:41  Pylon  
  39  5:44  Pylon  
  39  5:46  Zealot  
  39  5:49  Pylon  
  39  5:59  Probe  
Show
View Real Time Build Order
Export as new Build Order

Dainmishima Zerg - Winner!

Build Orders: Hatch First 

Get SALT Encoding   

  12  0:01  Drone  
  13  0:13  Overlord  
  13  0:19  Drone  
  14  0:33  Drone x2  
  16  0:37  Drone  
  17  0:57  Hatchery  
  17  1:00  Drone  
  17  1:01  Drone  
  18  1:12  Extractor  
  17  1:18  Spawning Pool  
  17  1:21  Drone  
  17  1:24  Drone  
  18  1:29  Drone  
  19  1:41  Drone  
  20  1:56  Overlord  
  20  2:10  Queen x2  
  20  2:11  Zergling x4  
  26  2:18  Metabolic Boost  
  26  2:27  Drone x3  
  29  2:34  Drone x2  
  31  2:42  Zergling x2  
  32  2:53  Overlord  
  32  3:04  Zergling x2  
  32  3:05  Zergling x4  
  35  3:07  Zergling x2  
  35  3:11  Hatchery  
  35  3:13  Zergling x2  
  35  3:18  Zergling x4  
  35  3:19  Zergling x4  
  40  3:20  Zergling x2  
  42  3:27  Zergling x6  
  42  3:32  Overlord  
  44  3:43  Overlord  
  44  3:52  Zergling x4  
  44  3:53  Zergling x2  
  47  4:00  Zergling x6  
  47  4:01  Zergling x6  
  48  4:24  Zergling x2  
  48  4:25  Zergling x10  
  49  4:35  Zergling x2  
  49  4:36  Zergling x12  
  56  4:40  Queen  
  49  5:16  Zergling x6  
  49  5:17  Zergling x24  
  55  5:37  Roach Warren  
  55  5:39  Extractor  
Tags
 
Add a new tag
Caveats
  • Supply blocks, unpowered buildings, or Contaminate may cause inaccurate times.
  • Supply counts are checked every 10 seconds.